 Dungeon Sprint DCSS version 0.30-a0-140-gd1020e658a (webtiles) character file.

Game seed: 13564306972804904420

2305 mhtbhm the Earth Mage (level 9, 0/45 HPs)
             Began as a Gargoyle Earth Elementalist on Sept 24, 2022.
             Was a Priest of Vehumet.
             Slain by a gargoyle
             ... wielding a +0 mace
              (9 damage)
             ... in the Dungeon (Sprint IX: "|||||||||||||||||||||||||||||").
             The game lasted 00:03:19 (978 turns).

mhtbhm the Earth Mage (Gargoyle Earth Elementalist)  Turns: 978, Time: 00:03:19

Health: 0/45       AC: 10    Str: 18    XL:     9   Next: 40%
Magic:  7/24       EV: 14    Int: 25    God:    Vehumet [***...]
Gold:   0          SH:  0    Dex: 10    Spells: 18/30 levels left

rFire   . . .      SeeInvis .    j - +2 rapier of Oduzosk {freeze, Int+5 Stlth+}
rCold   . . .      Faith    .    (no shield)
rNeg    + . .      Spirit   .    a - +0 robe
rPois   ∞          Reflect  .    (no helmet)
rElec   +          Harm     .    k - +0 cloak
rCorr   .          Rampage  .    (no gloves)
Will    .....      NoTele   +    l - +0 pair of boots
Stlth   ++++......               (no amulet)
HPRegen 0.15/turn                m - +3 ring of strength
MPRegen 0.19/turn                n - +3 ring of strength

@: slowed, very slow
A: sickness immunity, AC +6, negative energy resistance 1, electricity
resistance, torment resistance 1, petrification resistance
a: Renounce Religion


You were in the Dungeon.
You worshipped Vehumet.
Vehumet was most pleased with you.
You visited 1 branch

Inventory:

Hand Weapons
 j - the +2 rapier of Oduzosk (weapon) {freeze, Int+5 Stlth+}
   (You found it in the Dungeon)

   It freezes those it strikes, dealing additional cold damage.
   It can also slow down cold-blooded creatures.
   Int:       It affects your intelligence (+5).
   Stlth:     It makes you more stealthy.
Missiles
 d - a curare-tipped dart (quivered)
Armour
 a - a +0 robe (worn)
 k - a +0 cloak (worn)
 l - a +0 pair of boots (worn)
Jewellery
 m - a +3 ring of strength (left hand)
 n - a +3 ring of strength (right hand)
Wands
 i - a wand of roots (5)
Scrolls
 g - a scroll of blinking
 h - 2 scrolls of amnesia
Potions
 b - 2 potions of magic
 c - 2 potions of curing
 f - a potion of invisibility


   Skills:
 + Level 7.0 Dodging
 + Level 5.9 Stealth
 - Level 1.1 Unarmed Combat
 + Level 11.3 Spellcasting
 + Level 5.6 Conjurations
 + Level 1.6 Transmutations
 + Level 15.8 Earth Magic
 + Level 1.4 Evocations


You had 18 spell levels left.
You knew the following spells:

 Your Spells              Type           Power      Damage    Failure   Level
a - Sandblast             Erth           100%       2d20      0%          1
b - Passwall              Tmut/Erth      45%        N/A       1%          2
c - Stone Arrow           Conj/Erth      100%       3d13      1%          3
d - Petrify               Tmut/Erth      55%        N/A       1%          4
e - Searing Ray           Conj           84%        2d7       1%          2

Your spell library contained the following spells:

 Spells                   Type           Power      Damage    Failure   Level
 Ignite Poison            Fire/Tmut/Pois 17%        N/A       3%          3


Dungeon Overview and Level Annotations

Branches:
Dungeon (1/1)

Altars:
Cheibriados
Dithmenos
Elyvilon
Fedhas
Gozag
Hepliaklqana
Kikubaaqudgha
Makhleb
Nemelex Xobeh
Okawaru
Qazlal
Ru
Sif Muna
Trog
Uskayaw
Vehumet
Wu Jian
Xom
Yredelemnul
Zin
The Shining One
Jiyva
Lugonu


Innate Abilities, Weirdness & Mutations

You are immune to sickness and miasma.
Your stone body is resilient. (AC +6)
You are immune to poison.
You resist negative energy. (rN+)
You are resistant to electric shocks. (rElec)
You are resistant to unholy torment.
You are immune to petrification.


Message History

The wraith hits you but does no damage. The wraith hits you!
The wraith drains your vigour!
You feel yourself slow down. Magic courses through your body.
The wraith barely misses you.
Casting: Sandblast (safe; 0% risk of failure)
Confirm with . or Enter, or press ? or * to list all spells.
Aiming: Stone Arrow (safe; 1% risk of failure)
Press: ? - help, Shift-Dir - straight line, f/p - wraith
Aim: a wraith (heavily damaged, 78% to hit)
The stone arrow hits the wraith!
The wraith is almost destroyed.
The wraith closely misses you. The wraith hits you.
The wraith drains your vigour!
You feel as though you will be slow longer.
Unknown command.
Casting: Stone Arrow (safe; 1% risk of failure)
Confirm with . or Enter, or press ? or * to list all spells.
Aiming: Stone Arrow (safe; 1% risk of failure)
Press: ? - help, Shift-Dir - straight line, f - gargoyle, p - wraith
Aim: a gargoyle, wielding a +0 mace (89% to hit)
The stone arrow hits the wraith!
You destroy the wraith!
Vehumet accepts your kill.
Your Dodging skill increases to level 7!
Unknown command.
Casting: Stone Arrow (safe; 1% risk of failure)
Confirm with . or Enter, or press ? or * to list all spells.
Aiming: Stone Arrow (safe; 1% risk of failure)
Press: ? - help, Shift-Dir - straight line, f/p - gargoyle
Aim: a gargoyle, wielding a +0 mace (89% to hit)
The stone arrow hits the gargoyle.
The gargoyle is lightly damaged.
The gargoyle hurls a stone arrow at you.
The stone arrow misses you. The gargoyle hits you with a +0 mace!
* * * LOW HITPOINT WARNING * * *
You feel better. The gargoyle hits you with a +0 mace!
* * * LOW HITPOINT WARNING * * *
Unknown command.
You feel better. The gargoyle closely misses you.
The gargoyle hits you with a +0 mace!
You die... ▓▓▓▓▓▓▓▓▓▓▓▓▓▓▓▓▓▓▓▓▓▓▓▓▓▓▓▓▓▓▓ .9WH..'..÷..)9@.[...)÷.'_______ ▓▓▓▓▓▓▓▓▓▓▓▓▓▓▓▓▓▓▓▓▓▓▓▓▓▓▓▓▓▓▓

You could see a gargoyle.

Vanquished Creatures
  A hydra (D)
  A manticore (D)
  A gargoyle (D)
  A komodo dragon (D)
  A troll (D)
  A wraith (D)
  2 vampire mosquitoes (D)
  A kobold brigand (D)
  A killer bee (D)
  A howler monkey (D)
  A hound (D)
  A jelly (D)
  2 adders (D)
  An ufetubus (D)
  2 bats (D)
  A giant cockroach (D)
  A goblin (D)
  A kobold (D)
21 creatures vanquished.

Notes
Turn   | Place    | Note
-------+----------+-------------------------------------------
     0 | D        | mhtbhm the Gargoyle Earth Elementalist began the quest for
                  | the Orb.
     0 | D        | Reached XP level 1. HP: 10/10 MP: 3/3
     5 | D        | Reached skill level 4 in Earth Magic
    19 | D        | Reached skill level 5 in Earth Magic
    25 | D        | Reached skill level 1 in Unarmed Combat
    25 | D        | Reached XP level 2. HP: 14/15 MP: 1/5
   115 | D        | Learned a level 2 spell: Passwall
   118 | D        | Reached skill level 1 in Transmutations
   118 | D        | Reached skill level 6 in Earth Magic
   118 | D        | Reached XP level 3. HP: 19/19 MP: 3/7
   120 | D        | Reached skill level 7 in Earth Magic
   127 | D        | Reached skill level 8 in Earth Magic
   127 | D        | Reached XP level 4. HP: 24/24 MP: 5/10
   135 | D        | Found a snail-covered altar of Cheibriados.
   135 | D        | Found a shadowy altar of Dithmenos.
   135 | D        | Found a white marble altar of Elyvilon.
   135 | D        | Found a blossoming altar of Fedhas.
   135 | D        | Found an opulent altar of Gozag.
   136 | D        | Found a hazy altar of Hepliaklqana.
   137 | D        | Found a viscous altar of Jiyva.
   142 | D        | Learned a level 3 spell: Stone Arrow
   147 | D        | Learned a level 4 spell: Petrify
   147 | D        | Found an ancient bone altar of Kikubaaqudgha.
   148 | D        | Found a corrupted altar of Lugonu.
   149 | D        | Found a burning altar of Makhleb.
   150 | D        | Found a sparkling altar of Nemelex Xobeh.
   151 | D        | Found an iron altar of Okawaru.
   152 | D        | Found a stormy altar of Qazlal.
   153 | D        | Found a sacrificial altar of Ru.
   154 | D        | Found a shimmering blue altar of Sif Muna.
   155 | D        | Found a bloodstained altar of Trog.
   156 | D        | Found a hide-covered altar of Uskayaw.
   157 | D        | Found a radiant altar of Vehumet.
   158 | D        | Found an ornate altar of the Wu Jian Council.
   159 | D        | Found a shimmering altar of Xom.
   160 | D        | Found a basalt altar of Yredelemnul.
   161 | D        | Found a glowing silver altar of Zin.
   162 | D        | Found a glowing golden altar of the Shining One.
   171 | D        | Became a worshipper of Vehumet
   285 | D        | Got the +2 rapier of Oduzosk {freeze, Int+5 Stlth+}
   309 | D        | Noticed a troll
   309 | D        | Noticed a kobold brigand
   309 | D        | Noticed a gargoyle
   309 | D        | Noticed a vampire mosquito
   311 | D        | Reached skill level 9 in Earth Magic
   311 | D        | Reached XP level 5. HP: 28/28 MP: 10/12
   312 | D        | Killed a vampire mosquito
   313 | D        | Reached skill level 10 in Earth Magic
   313 | D        | Reached XP level 6. HP: 19/32 MP: 9/15
   319 | D        | HP: 1/32 [gargoyle/+0 mace (14)]
   324 | D        | Killed a gargoyle
   324 | D        | Reached * piety under Vehumet
   324 | D        | Offered knowledge of Shock by Vehumet.
   325 | D        | Reached skill level 5 in Dodging
   325 | D        | Reached skill level 1 in Conjurations
   325 | D        | Reached skill level 12 in Earth Magic
   325 | D        | Reached XP level 7. HP: 17/36 MP: 7/18
   514 | D        | Reached skill level 5 in Stealth
   566 | D        | Reached skill level 13 in Earth Magic
   583 | D        | Killed a troll
   583 | D        | Reached ** piety under Vehumet
   583 | D        | Offered knowledge of Searing Ray by Vehumet.
   592 | D        | Learned a level 2 spell: Searing Ray
   623 | D        | Noticed a gargoyle
   623 | D        | Noticed a wraith
   623 | D        | Noticed a manticore
   623 | D        | Noticed a komodo dragon
   623 | D        | Noticed a vampire mosquito
   623 | D        | Noticed an eight-headed hydra
   633 | D        | Killed an eight-headed hydra
   634 | D        | Reached skill level 10 in Spellcasting
   634 | D        | Reached skill level 14 in Earth Magic
   634 | D        | Reached XP level 8. HP: 20/41 MP: 6/22
   867 | D        | Killed a komodo dragon
   867 | D        | Offered knowledge of Ignite Poison by Vehumet.
   868 | D        | Reached skill level 15 in Earth Magic
   868 | D        | Reached skill level 1 in Evocations
   868 | D        | Reached XP level 9. HP: 31/45 MP: 16/23
   966 | D        | Killed a manticore
   966 | D        | Reached *** piety under Vehumet
   967 | D        | Reached skill level 5 in Conjurations
   977 | D        | HP: 2/45 [gargoyle/+0 mace (14)]
   978 | D        | Slain by a gargoyle

Illustrated notes

Levels and vault maps discovered:
D:        linesprint [early_d, line_temple, items_1, d_10, items_2, lair_1,
          lair_end, items_3, orc_1, orc_end, items_4, d_15, swamp_1, shoals_1,
          snake_1, spider_1, d_20, vaults_1, items_5, swamp_end, shoals_end,
          snake_end, spider_end, vaults_end, d_27, items_6, zot_1, zot_end,
          crypt_end, forest_end, elf_end, slime_end, tomb_end, abyss_end,
          pan_hell_end]

Skill      XL: |  1  2  3  4  5  6  7  8  9 |
---------------+----------------------------+-----
Earth Magic    | 5 6 8 9 10 12 14 15 | 15.8
Unarmed Combat | 1 |  1.1
Dodging        | 2 3 4 5 6 7 |  7.0
Spellcasting   | 3 4 6 7 10 11 | 11.3
Transmutations | 1 |  1.6
Stealth        | 3 4 5 |  5.9
Conjurations   | 1 4 5 |  5.6
Evocations     | 1 |  1.4

Action                   |  1- 3 |  4- 6 |  7- 9 || total
-------------------------+-------+-------+-------++-------
Melee: Unarmed           |    14 |       |       ||    14
 Cast: Sandblast         |    12 |     5 |     2 ||    19
       Stone Arrow       |       |     6 |    20 ||    26
       Searing Ray       |       |       |     1 ||     1
       Petrify           |       |       |     1 ||     1
Evoke: Wand              |       |       |     5 ||     5
  Use: Potion            |     2 |     5 |     4 ||    11
       Scroll            |       |       |     1 ||     1
Armor: Robe              |     7 |     2 |     2 ||    11
Dodge: Dodged            |    20 |     8 |    16 ||    44

Table legend: (Time is in decaauts)
 A = Elapsed time spent in this place.
 B = Non-inter-level travel time spent in this place.
 C = Inter-level travel time spent in this place.
 D = Time resting spent in this place.
 E = Time spent auto-exploring this place.
 F = Levels seen in this place.
 G = Mean time per level.
                   A        B        C        D        E       F      G
               +--------+--------+--------+--------+--------+-----+--------+
         Total |    985 |    985 |      0 |    654 |     66 |   1 |  985.0 |
       Dungeon |    985 |    985 |      0 |    654 |     66 |   1 |  985.0 |
               +--------+--------+--------+--------+--------+-----+--------+

Top non-repeatable levels by time:
       D: 985 daAuts
